 Dungeon Crawl Stone Soup version 0.26.1 (webtiles) character file.

Game seed: 6240986474413813438

24313 DearestLeader the Earth Mage (level 13, -3/79 HPs)
             Began as a Gargoyle Earth Elementalist on Feb 4, 2021.
             Was an Elder of Vehumet.
             Slain by a death yak (13 damage)
             ... on level 8 of the Dungeon.
             The game lasted 00:39:28 (15739 turns).

DearestLeader the Earth Mage (GrEE)                Turns: 15739, Time: 00:39:29

Health: -3/79      AC: 15    Str: 12    XL:     13   Next: 12%
Magic:  24/33      EV: 12    Int: 21    God:    Vehumet [****..]
Gold:   851        SH:  0    Dex: 10    Spells: 6/27 levels left

rFire    + . .     SeeInvis .   y - staff of conjuration
rCold    . . .     Faith    .   (no shield)
rNeg     + . .     Spirit   .   p - +0 leather armour {rF+}
rPois    ∞         Reflect  .   (no helmet)
rElec    +         Harm     .   w - +0 cloak
rCorr    .         Rampage  .   C - +0 pair of gloves
Will     +....                  (no boots)
Stlth    ++........             B - amulet of magic regeneration
HPRegen  0.23/turn              P - ring of magical power
MPRegen  0.48/turn              u - ring of willpower

@: about to teleport, studying Poison Magic
A: negative energy resistance 1, electricity resistance, unbreathing,
petrification resistance, miasma immunity, AC +9
a: Renounce Religion


You were on level 8 of the Dungeon.
You worshipped Vehumet.
Vehumet was greatly pleased with you.
You visited 3 branches of the dungeon, and saw 14 of its levels.

You collected 851 gold pieces.

Inventory:

Hand Weapons
 z - the +1 whip "Orb Guardian's Curse" {freeze, rElec rF+}
   (You took it off an orc on level 6 of the Dungeon)

   It has been specially enchanted to freeze those struck by it, causing extra
   injury to most foes and up to half again as much damage against particularly
   susceptible opponents.
   It can also slow down cold-blooded creatures.
   It protects you from fire.
   It insulates you from electricity.
Missiles
 b - 271 stones
Armour
 p - a +0 leather armour of fire resistance (worn)
 w - a +0 cloak (worn)
 C - a +0 pair of gloves (worn)
 D - the +1 robe of Ethics {Will+ Int-3 Dex+5}
   (You found it on level 5 of the Dungeon)

   It affects your intelligence (-3).
   It affects your dexterity (+5).
   It affects your willpower, your defense against some magical effects.
Magical Staves
 y - an uncursed staff of conjuration (weapon)
 H - an uncursed staff of cold
 N - an uncursed staff of death
Jewellery
 d - an uncursed ring of flight
 u - a ring of willpower (right hand)
 B - an amulet of magic regeneration (around neck)
 E - a +6 ring of intelligence
 P - a ring of magical power (left hand)
Wands
 o - a wand of digging (7)
 s - a wand of polymorph (12)
 Q - a wand of disintegration (11)
 S - a wand of acid (9)
Scrolls
 a - 6 scrolls of remove curse
 c - 3 scrolls of teleportation
 g - 3 scrolls of immolation
 j - 3 scrolls of fear
 k - a scroll of magic mapping
 l - 2 scrolls of blinking
 n - 4 scrolls of fog
 v - a scroll of amnesia
 A - a scroll of enchant armour
 I - 2 scrolls of torment {unknown}
 L - 2 scrolls of summoning
 O - 2 scrolls of holy word {unknown}
 R - a scroll of silence {unknown}
 T - a scroll of enchant weapon {unknown}
Potions
 f - 2 potions of magic
 h - 5 potions of curing
 i - a potion of lignification {unknown}
 m - 2 potions of heal wounds
 q - 2 potions of ambrosia {unknown}
 r - 3 potions of berserk rage
 t - a potion of mutation {unknown}
 x - 2 potions of might {unknown}
 F - 2 potions of haste {unknown}
 G - a potion of cancellation {unknown}
 M - 2 potions of flight {unknown}
 U - a potion of attraction {unknown}
Books
 V - a manual of Poison Magic
Miscellaneous
 K - a box of beasts


   Skills:
 + Level 8.5 Fighting
 - Level 5.0 Armour
 - Level 2.0 Dodging
 - Level 2.1 Stealth
 + Level 7.7 Spellcasting
 * Level 11.4 Conjurations
 - Level 3.0 Transmutations
 + Level 16.3 Earth Magic


You had 6 spell levels left.
You knew the following spells:

 Your Spells              Type           Power        Failure   Level
a - Sandblast             Erth           100%         0%          1
b - Passwall              Tmut/Erth      40%          1%          2
c - Stone Arrow           Conj/Erth      100%         1%          3
d - Lee's Rapid Deconstr  Erth           33%          1%          5
e - Petrify               Tmut/Erth      48%          1%          4
f - Iron Shot             Conj/Erth      39%          1%          6

Your spell library contained the following spells:

 Spells                   Type           Power        Failure   Level
 Iskenderun's Mystic Bla  Conj/Tloc      48%          2%          4
 Magic Dart               Conj           100%         1%          1
 Searing Ray              Conj           100%         1%          2
 Dazzling Flash           Conj/Hex       96%          1%          3
 Bolt of Magma            Conj/Fire/Erth 31%          1%          5
 Iskenderun's Battlesphe  Conj           71%          1%          5
 Fulminant Prism          Conj/Hex       24%          2%          4
 Confusing Touch          Hex            8%           30%         3
 Gell's Gravitas          Tloc           4%           30%         3
 Yara's Violent Unravell  Hex/Tmut       7%           36%         5
 Metabolic Englaciation   Hex/Ice        4%           96%         5
 Orb of Destruction       Conj           35%          21%         7
 Spellforged Servitor     Conj/Summ      24%          88%         7


Dungeon Overview and Level Annotations

Branches:
Dungeon (8/15)             Temple (1/1) D:6            Lair (5/6) D:8
 Shoals (0/4) Lair:3       Spider (0/4) Lair:4
  Slime: Lair:5-6

Altars:
Ashenzari
Cheibriados
Dithmenos
Elyvilon
Fedhas
Gozag
Hepliaklqana
Kikubaaqudgha
Makhleb
Nemelex Xobeh
Okawaru
Qazlal
Ru
Sif Muna
Trog
Uskayaw
Vehumet
Wu Jian
Xom
Yredelemnul
Zin
The Shining One

Shops:
D:5 :   D:6 :

Annotations:
D:8 3 runed translucent doors, Eurus's ghost, novice DrTm
Lair:5 exclusion: oklob plant


Innate Abilities, Weirdness & Mutations

You are resistant to torment.
Your stone body is resilient. (AC +9)
You are immune to poison.
You resist negative energy. (rN+)
You are resistant to electric shocks. (rElec)
You can survive without breathing.
You are immune to petrification.
You are immune to miasma.


Message History

Press: ? - help, Dir - move target A rock wall.
The wall shatters!
The blast of rock fragments hits the death yak!!
The death yak is almost dead.
The blast of rock fragments hits the death yak!!
You kill the death yak!
Vehumet accepts your kill.
You feel your power returning.
The blast of rock fragments hits the death yak.
The death yak is lightly wounded.
The death yak gores you!
* * * LOW HITPOINT WARNING * * *
Casting: Lee's Rapid Deconstruction (safe; 1% risk of failure)
Confirm with . or Enter, or press ? or * to list all spells.
Okay, then.
Found 16 bolts.
As you read the scroll of teleportation, it crumbles to dust.
You feel strangely unstable. The death yak gores you!
You die...

.......###..####†####........##..
#.....##....##......####.........
##................#.######...###.
K#.............#Y.#....###.Y.##..
K#.......#....##Y.......##...#...
.#............##.......<........#
##.......#......Y.........Y......
#.......#.......Y..#...##K...##..
#.......#.......@......#.K.....†.
#......................#.Y.......
........#................K##().(.
.......###.................#.....
##....#.................Y..K.....
##......................Y....#.))
#.....#....#............###..#.)#
......###.###(..#.........##...)#
#.##...# #..... ..##..)##


You could see 4 death yaks.

Vanquished Creatures
  2 entropy weavers (Lair:4)
  A boulder beetle (Lair:4)
  2 hydras
  A death yak (D:8)
  A queen ant (Lair:4)
  Urug (Lair:4)
  An orb spider (Lair:4)
  3 elephants (Lair:3)
  2 black mambas
  3 merfolk sirens (Lair:3)
  7 cane toads
  6 komodo dragons
  3 rime drakes
  A polar bear (Lair:1)
  A merfolk (Lair:3)
  Grinder (D:3)
  2 wyverns
  22 yaks
  5 basilisks
  12 water moccasins
  6 soldier ants (Lair:4)
  3 orc warriors
  2 sky beasts (D:7)
  2 phantoms (D:5)
  5 wolves (Lair:3)
  5 ogres
  6 centaurs
  A big kobold (Lair:1)
  12 bullfrogs
  A wyvern zombie (D:6)
  2 scorpions (D:7)
  An oklob sapling (D:6)
  A howler monkey (D:8)
  A bullfrog zombie (D:6)
  2 hounds
  2 jellies
  A bullfrog skeleton (D:8)
  4 orc priests
  Jessica (D:3)
  3 iguanas
  Ijyb (D:3)
  11 orc wizards
  23 worker ants
  A killer bee zombie (D:5)
  A hound zombie (D:8)
  A hound skeleton (D:8)
  A howler monkey skeleton (D:6)
  3 adders
  7 gnolls (D:7)
  A shadow imp (D:7)
  2 white imps
  4 ufetubi
  3 oozes
  2 adder zombies (D:5)
  3 adder skeletons
  5 dart slugs (D:1)
  6 leopard geckos
  38 orcs
  16 bats
  6 giant cockroaches
  6 goblins
  6 hobgoblins
  11 jackals
  11 kobolds
  6 quokkas
  8 frilled lizards
  A jackal skeleton (D:7)
  A quokka zombie (D:7)
  7 rats
330 creatures vanquished.

Vanquished Creatures (others)
  4 fungi
  29 plants
33 creatures vanquished.

Grand Total: 363 creatures vanquished

Notes
Turn   | Place    | Note
-------+----------+-------------------------------------------
     0 | D:1      | DearestLeader the Gargoyle Earth Elementalist began the
                  | quest for the Orb.
     0 | D:1      | Reached XP level 1. HP: 10/10 MP: 3/3
   199 | D:1      | Reached skill level 4 in Earth Magic
   222 | D:1      | Reached XP level 2. HP: 2/15 MP: 1/5
   765 | D:1      | Reached skill level 5 in Earth Magic
   765 | D:1      | Reached XP level 3. HP: 15/19 MP: 6/6
  1868 | D:2      | Reached XP level 4. HP: 24/24 MP: 7/7
  1990 | D:2      | Reached skill level 6 in Earth Magic
  2031 | D:2      | Found a shadowy altar of Dithmenos.
  2344 | D:3      | Learned a level 2 spell: Passwall
  2348 | D:3      | Learned a level 3 spell: Stone Arrow
  2458 | D:3      | Noticed Jessica
  2465 | D:3      | Killed Jessica
  2466 | D:3      | Reached XP level 5. HP: 27/28 MP: 6/8
  2514 | D:3      | Noticed Ijyb
  2521 | D:3      | Killed Ijyb
  2522 | D:3      | Reached skill level 7 in Earth Magic
  2728 | D:3      | Noticed Grinder
  2730 | D:3      | Paralysed by Grinder for 7 turns
  2740 | D:3      | Killed Grinder
  2741 | D:3      | Reached skill level 8 in Earth Magic
  2741 | D:3      | Reached XP level 6. HP: 16/32 MP: 3/9
  3181 | D:3      | Found a sacrificial altar of Ru.
  3374 | D:3      | Reached skill level 1 in Fighting
  3781 | D:4      | Reached skill level 9 in Earth Magic
  3781 | D:4      | Reached XP level 7. HP: 38/38 MP: 7/10
  4573 | D:5      | Entered Level 5 of the Dungeon
  4722 | D:5      | Reached skill level 1 in Armour
  4772 | D:5      | Found Jeips's Book Shoppe.
  5215 | D:5      | Reached skill level 10 in Earth Magic
  5215 | D:5      | Reached XP level 8. HP: 44/44 MP: 6/12
  5221 | D:5      | Learned a level 5 spell: Lee's Rapid Deconstruction
  5489 | D:5      | Got a warped robe
  5505 | D:5      | Identified the +1 robe of Ethics {Will+ Int-3 Dex+5} (You
                  | found it on level 5 of the Dungeon)
  6272 | D:6      | Found Xudgh's Book Boutique.
  6355 | D:6      | Reached skill level 1 in Transmutations
  6355 | D:6      | Reached skill level 11 in Earth Magic
  6360 | D:6      | Learned a level 4 spell: Petrify
  6396 | D:6      | Found a staircase to the Ecumenical Temple.
  6409 | D:6      | Reached skill level 1 in Conjurations
  6416 | Temple   | Entered the Ecumenical Temple
  6474 | Temple   | Became a worshipper of Vehumet
  6608 | D:6      | Identified the cursed +1 whip "Orb Guardian's Curse"
                  | {freeze, rElec rF+}
  6871 | D:6      | Reached XP level 9. HP: 47/48 MP: 8/15
  6928 | D:6      | Found a sparkling altar of Nemelex Xobeh.
  7502 | D:7      | Reached skill level 12 in Earth Magic
  7644 | D:7      | Reached * piety under Vehumet
  7644 | D:7      | Offered knowledge of Freeze by Vehumet.
  8120 | D:7      | Got a translucent ring mail
  8130 | D:7      | Identified the +3 ring mail of Honour {Harm Regen+} (You
                  | found it on level 7 of the Dungeon)
  8455 | D:8      | Reached skill level 13 in Earth Magic
  8534 | D:8      | Reached skill level 5 in Conjurations
  8554 | D:8      | Reached ** piety under Vehumet
  8565 | D:8      | Offered knowledge of Foxfire by Vehumet.
  8583 | D:8      | Noticed a death yak
  8586 | D:8      | Noticed a death yak
  8588 | D:8      | Noticed a death yak
  8588 | D:8      | Noticed a death yak
  8588 | D:8      | Noticed a death yak
  8592 | D:8      | Noticed a death yak
  8827 | D:8      | Reached XP level 10. HP: 43/53 MP: 15/17
  8858 | D:8      | Found a staircase to the Lair.
  8873 | Lair:1   | Entered Level 1 of the Lair of Beasts
  9120 | Lair:1   | Noticed a cane toad
  9125 | Lair:1   | Killed a cane toad
  9126 | Lair:1   | Reached skill level 5 in Spellcasting
  9149 | Lair:1   | Noticed a cane toad
  9156 | Lair:1   | Killed a cane toad
  9350 | Lair:1   | Reached skill level 14 in Earth Magic
  9784 | Lair:1   | Noticed a five-headed hydra
  9790 | Lair:1   | Killed a five-headed hydra
  9971 | Lair:2   | Reached XP level 11. HP: 55/62 MP: 8/19
 10118 | Lair:2   | Reached skill level 5 in Fighting
 10643 | Lair:2   | Found a blossoming altar of Fedhas.
 11081 | Lair:3   | Offered knowledge of Searing Ray by Vehumet.
 11091 | Lair:3   | Reached skill level 15 in Earth Magic
 11308 | Lair:3   | Reached *** piety under Vehumet
 11894 | Lair:3   | Reached skill level 5 in Armour
 11980 | Lair:3   | Offered knowledge of Frozen Ramparts by Vehumet.
 12097 | Lair:3   | Found a staircase to the Shoals.
 12100 | Lair:3   | Reached XP level 12. HP: 71/71 MP: 21/21
 12594 | Lair:4   | Found a hole to the Spider Nest.
 12825 | Lair:4   | Noticed an eight-headed hydra
 12831 | Lair:4   | Killed an eight-headed hydra
 13045 | Lair:4   | Noticed Urug
 13069 | Lair:4   | Killed Urug
 13110 | Lair:4   | Reached skill level 10 in Conjurations
 13589 | Lair:4   | Learned a level 6 spell: Iron Shot
 13754 | Lair:4   | Noticed an entropy weaver
 13759 | Lair:4   | Killed an entropy weaver
 13794 | Lair:4   | Reached **** piety under Vehumet
 13800 | Lair:4   | Noticed an entropy weaver
 13811 | Lair:4   | Killed an entropy weaver
 13811 | Lair:4   | Offered knowledge of Iskenderun's Mystic Blast by Vehumet.
 13812 | Lair:4   | Reached skill level 16 in Earth Magic
 13958 | Lair:4   | Noticed a queen ant
 13972 | Lair:4   | Killed a queen ant
 14195 | Lair:4   | Noticed a boulder beetle
 14228 | Lair:4   | Killed a boulder beetle
 14451 | Lair:4   | Reached XP level 13. HP: 55/78 MP: 24/24
 15653 | D:8      | Found a runed translucent gate.
 15653 | D:8      | Found a runed translucent gate.
 15653 | D:8      | Found a runed translucent gate.
 15654 | D:8      | Noticed Eurus's ghost (novice DrTm)
 15656 | D:8      | Identified the cursed +3 dagger of the Queen {chaos,
                  | Will++}
 15739 | D:8      | Slain by a death yak

Illustrated notes

Levels and vault maps discovered:
D:1:      minmay_arrival_jagged, layout_basic
D:2:      layout_loops_ring, grunt_dithmenos_smoke
D:3:      layout_basic, minmay_splitting_lines,
          nicolae_ru_great_annihilating_truth, uniq_ijyb, uniq_grinder,
          uniq_jessica
D:4:      layout_basic, minmay_misc_feat_four_crosses
D:5:      layout_basic, serial_shops,
          nicolae_shop_temple_entry_statues_fountains, minmay_diced_spiral
D:6:      layout_gridville, minmay_temple_entry_oklob, serial_shops,
          kennysheep_little_box, nemelex_lonely_heart_becter
D:7:      layout_loops_ring
D:8:      layout_cave_pools, dpeg_lair_monsters, gammafunk_ghost_nasty_kobolds
Temple:   nicolae_temple_the_god_donut
Lair:1:   layout_regular_city, beast_lair_carwin_10, infiniplex_staircase_pool_2
Lair:2:   layout_regular_city, basic_altar, minivault_27
Lair:3:   layout_gridlike, elwin_shoals_entry_stream
Lair:4:   layout_gridlike, nicolae_spider_entry_orb_guardian,
          minmay_another_anthill, lemuel_fruit_tree, uniq_urug
Lair:5:   layout_long_grid, chequers_serial_rivers_small_a, serial_bayou_shore_b

Skill      XL: |  1  2  3  4  5  6  7  8  9 10 11 12 |
---------------+-------------------------------------+-----
Earth Magic    | 4 5 6 8 9 10 11 13 14 15 16 | 16.3
Fighting       | 1 2 4 6 8 |  8.5
Armour         | 2 3 5 |  5.0
Spellcasting   | 3 4 5 6 7 |  7.7
Transmutations | 1 3 |  3.0
Conjurations   | 2 5 6 9 11 | 11.4
Dodging        | 2 |  2.0
Stealth        | |  2.1

Action                   |  1- 3 |  4- 6 |  7- 9 | 10-12 | 13-15 || total
-------------------------+-------+-------+-------+-------+-------++-------
Melee: Short sword       |    32 |       |       |       |       ||    32
       Unarmed           |     3 |       |       |       |       ||     3
       Dagger            |   106 |   123 |   105 |       |       ||   334
       Staff             |       |       |   198 |    23 |       ||   221
       Whip              |       |       |    13 |       |       ||    13
 Cast: Sandblast         |    23 |    47 |   115 |    71 |     2 ||   258
       Stone Arrow       |       |       |    56 |   155 |    27 ||   238
       Lee's Rapid Decon |       |       |     6 |    34 |     5 ||    45
       Iron Shot         |       |       |       |     5 |       ||     5
       Petrify           |       |       |       |     1 |       ||     1
  Use: Scroll            |       |     6 |     6 |     2 |     8 ||    22
       Potion            |       |       |     1 |       |       ||     1
 Stab: Sleeping          |     2 |       |     1 |       |       ||     3
       Paralysed         |       |     2 |       |       |       ||     2
Armor: Robe              |    66 |    50 |    19 |       |       ||   135
       Leather armour    |       |       |   197 |    66 |    15 ||   278
Dodge: Dodged            |   111 |    89 |   253 |    81 |    26 ||   560
